NCAA
KENTUCKY WILDCATS @ AUBURN TIGERS
05/21/2029
 
TOP OF THE 1ST
Kentucky Wildcats batting - Pitching for Auburn Tigers : LHP Emílio Jiménez
Pitching: LHP Emílio Jiménez
Batting: RHB Lewis Childress 0-0: Called Strike
0-1: Ball
1-1: Ball
2-1: Swinging Strike
2-2: Foul Ball, location: 2F
2-2: Strikes out looking
Batting: RHB Johnny Carson 0-0: Foul Ball, location: 2F
0-1: Ball
1-1: Ball
2-1: Ball
3-1: SINGLE (Line Drive, 9LS)
Batting: RHB Haywood Young 0-0: Fielders Choice at 2nd, 3-6 (Groundball, 3)
Batting: RHB Gabriel Sánchez 0-0: Ball
1-0: Swinging Strike
1-1: SINGLE (Flyball, 6D)
Haywood Young to second
Batting: LHB Caden Cleveland 0-0: Called Strike
0-1: Foul Ball, location: 2F
0-2: Fly out, F9 (Line Drive, 9)
Top of the 1st over - 0 runs, 2 hits, 0 errors, 2 left on base; Kentucky 0 - Auburn 0
BOTTOM OF THE 1ST
Auburn Tigers batting - Pitching for Kentucky Wildcats : RHP Jorge Bonella
Pitching: RHP Jorge Bonella
Batting: SHB Andrew Johnson 0-0: Called Strike
0-1: Ball
1-1: Called Strike
1-2: Ball
2-2: Strikes out swinging
Batting: SHB Anthony Thomas 0-0: Called Strike
0-1: Ball
1-1: Foul Ball, location: 2F
1-2: Foul Ball, location: 2F
1-2: Ball
2-2: Ball
3-2: Ground out U3 (Groundball, 3L)
Batting: RHB Vincente Martínez 0-0: Ball
1-0: Ball
2-0: Ball
3-0: Base on Balls
Batting: LHB Ed Sorensen 0-0: Called Strike
0-1: Ball
1-1: Ball
2-1: Foul Ball, location: 2F
2-2: Ball
3-2: Fly out, F7 (Flyball, 78S)
Bottom of the 1st over - 0 runs, 0 hits, 0 errors, 1 left on base; Kentucky 0 - Auburn 0
TOP OF THE 2ND
Kentucky Wildcats batting - Pitching for Auburn Tigers : LHP Emílio Jiménez
Batting: RHB Sam Robinson 0-0: Swinging Strike
0-1: Called Strike
0-2: Ball
1-2: Ball
2-2: Ball
3-2: Foul Ball, location: 2F
3-2: Base on Balls
Batting: RHB Ken Jenkins 0-0: Ball
1-0: Ball
2-0: Called Strike
2-1: Ball
3-1: Base on Balls
Sam Robinson to second
Batting: RHB Jacob Burke 0-0: Called Strike
0-1: Ball
1-1: Ball
2-1: Foul Ball, location: 2F
2-2: Ball
3-2: SINGLE (Line Drive, 7S)
Sam Robinson to third
Ken Jenkins to second
Runner from 3rd tries for Home, throw and OUT!
Batting: RHB Billy Forbes 0-0: Ball
1-0: SINGLE (Line Drive, 89S)
Ken Jenkins to third
Jacob Burke to second
Batting: RHB Lewis Childress 0-0: Grounds into fielders choice 1-2 (Groundball, P)
Jacob Burke to third
Billy Forbes to second
Batting: RHB Johnny Carson 0-0: Called Strike
0-1: Ball
1-1: Ball
2-1: Ball
3-1: Foul Ball, location: 2F
3-2: Fly out, F8 (Flyball, 8RS)
Top of the 2nd over - 0 runs, 2 hits, 0 errors, 3 left on base; Kentucky 0 - Auburn 0
BOTTOM OF THE 2ND
Auburn Tigers batting - Pitching for Kentucky Wildcats : RHP Jorge Bonella
Batting: RHB Ed McVinish 0-0: Called Strike
0-1: Swinging Strike
0-2: Foul Ball, location: 2F
0-2: Foul Ball, location: 2F
0-2: Ball
1-2: Ball
2-2: Foul Ball, location: 2F
2-2: Strikes out swinging
Batting: RHB Mike Brown 0-0: Ball
1-0: Foul Ball, location: 2F
1-1: Ball
2-1: Foul Ball, location: 2F
2-2: Strikes out swinging
Batting: LHB Armando Vázquez 0-0: Ball
1-0: Ball
2-0: Ball
3-0: Base on Balls
Batting: SHB Wayne Tressler 0-0: Called Strike
Armando Vázquez is caught stealing 2nd base
Bottom of the 2nd over - 0 runs, 0 hits, 0 errors, 0 left on base; Kentucky 0 - Auburn 0
TOP OF THE 3RD
Kentucky Wildcats batting - Pitching for Auburn Tigers : LHP Emílio Jiménez
Batting: RHB Haywood Young 0-0: Foul Ball, location: 2F
0-1: Swinging Strike
0-2: Foul Ball, location: 2F
0-2: Ball
1-2: SINGLE (Line Drive, 89S)
Batting: RHB Gabriel Sánchez 0-0: Ball
1-0: Grounds into double play, 1-4-3 (Groundball, 15)
Batting: LHB Caden Cleveland 0-0: SINGLE (Line Drive, 56D)
Batting: RHB Sam Robinson 0-0: Called Strike
0-1: Called Strike
0-2: Ball
1-2: Strikes out swinging
Top of the 3rd over - 0 runs, 2 hits, 0 errors, 1 left on base; Kentucky 0 - Auburn 0
BOTTOM OF THE 3RD
Auburn Tigers batting - Pitching for Kentucky Wildcats : RHP Jorge Bonella
Batting: SHB Wayne Tressler 0-0: Ball
1-0: Ball
2-0: Foul Ball, location: 2F
2-1: Called Strike
2-2: Ball
3-2: Foul Ball, location: 2F
3-2: Foul Ball, location: 2F
3-2: Base on Balls
Batting: RHB Terry Cochrane 0-0: Foul Ball, location: 2F
0-1: SINGLE (Line Drive, 56D)
Wayne Tressler to second
Batting: SHB Andrew Johnson 0-0: Swinging Strike
0-1: Ball
1-1: Called Strike
1-2: Ball
2-2: Strikes out swinging
Batting: SHB Anthony Thomas 0-0: Swinging Strike
0-1: Ball
1-1: Ball
2-1: Ball
3-1: Called Strike
3-2: Strikes out swinging
Batting: RHB Vincente Martínez 0-0: Ball
1-0: Fly out, F7 (Flyball, 7LM)
Bottom of the 3rd over - 0 runs, 1 hit, 0 errors, 2 left on base; Kentucky 0 - Auburn 0
TOP OF THE 4TH
Kentucky Wildcats batting - Pitching for Auburn Tigers : LHP Emílio Jiménez
Batting: RHB Ken Jenkins 0-0: Ball
1-0: Swinging Strike
1-1: Ball
2-1: Called Strike
2-2: Fly out, F9 (Flyball, 89M)
Batting: RHB Jacob Burke 0-0: DOUBLE (Flyball, 8LD)
Batting: RHB Billy Forbes 0-0: Ball
1-0: Swinging Strike
1-1: Foul Ball, location: 2F
1-2: Fly out, F7 (Flyball, 78M)
Batting: RHB Lewis Childress 0-0: Called Strike
0-1: Ball
1-1: 2-RUN HOME RUN (Flyball, 7D), Distance : 348 ft
Batting: RHB Johnny Carson 0-0: Ball
1-0: Fly out, F4 (Popup, 4)
Top of the 4th over - 2 runs, 2 hits, 0 errors, 0 left on base; Kentucky 2 - Auburn 0
BOTTOM OF THE 4TH
Auburn Tigers batting - Pitching for Kentucky Wildcats : RHP Jorge Bonella
Batting: LHB Ed Sorensen 0-0: Called Strike
0-1: Ground out 4-3 (Groundball, 4S)
Batting: RHB Ed McVinish 0-0: Ball
1-0: Called Strike
1-1: Ball
2-1: Ball
3-1: Fly out, F9 (Flyball, 89M)
Batting: RHB Mike Brown 0-0: Ball
1-0: Ball
2-0: DOUBLE (Flyball, 8LXD)
Batting: LHB Armando Vázquez 0-0: Called Strike
0-1: Swinging Strike
0-2: Foul Ball, location: 2F
0-2: Ball
1-2: Ball
2-2: Foul Ball, location: 2F
2-2: Ball
3-2: Ground out 4-3 (Groundball, 34)
Bottom of the 4th over - 0 runs, 1 hit, 0 errors, 1 left on base; Kentucky 2 - Auburn 0
TOP OF THE 5TH
Kentucky Wildcats batting - Pitching for Auburn Tigers : LHP Emílio Jiménez
Batting: RHB Haywood Young 0-0: Ball
1-0: Swinging Strike
1-1: Ball
2-1: Called Strike
2-2: Strikes out swinging
Batting: RHB Gabriel Sánchez 0-0: Ball
1-0: SINGLE (Flyball, 9S)
Batting: LHB Caden Cleveland 0-0: Ball
1-0: Ball
2-0: Foul Ball, location: 2F
2-1: Ball
3-1: Called Strike
3-2: Foul Ball, location: 2F
3-2: Strikes out swinging
Pitching: LHP Jaime Sierra
Batting: RHB Sam Robinson 0-0: Ball
1-0: Ball
2-0: Called Strike
2-1: Foul Ball, location: 2F
2-2: Strikes out looking
Top of the 5th over - 0 runs, 1 hit, 0 errors, 1 left on base; Kentucky 2 - Auburn 0
BOTTOM OF THE 5TH
Auburn Tigers batting - Pitching for Kentucky Wildcats : RHP Jorge Bonella
Pitching: RHP Doug Sales
Batting: SHB Wayne Tressler 0-0: Ball
1-0: Ball
2-0: SINGLE (Groundball, 6) (infield hit)
Batting: RHB Terry Cochrane 0-0: Ball
1-0: Ball
2-0: Foul Ball, location: 2F
2-1: Foul Ball, location: 2F
2-2: Strikes out swinging
Batting: SHB Andrew Johnson 0-0: Called Strike
0-1: Ball
1-1: Ball
2-1: Ball
3-1: Foul Ball, location: 2F
3-2: Foul Ball, location: 2F
3-2: Strikes out swinging
Batting: SHB Anthony Thomas 0-0: Ball
1-0: Called Strike
1-1: Fly out, F8 (Flyball, 8LS)
Bottom of the 5th over - 0 runs, 1 hit, 0 errors, 1 left on base; Kentucky 2 - Auburn 0
TOP OF THE 6TH
Kentucky Wildcats batting - Pitching for Auburn Tigers : LHP Jaime Sierra
Batting: RHB Ken Jenkins 0-0: Swinging Strike
0-1: Called Strike
0-2: Strikes out swinging
Batting: RHB Jacob Burke 0-0: SOLO HOME RUN (Flyball, 7LD), Distance : 317 ft
Batting: RHB Billy Forbes 0-0: Ball
1-0: Fly out, F8 (Flyball, 8RS)
Batting: RHB Lewis Childress 0-0: Ball
1-0: Swinging Strike
1-1: Foul Ball, location: 2F
1-2: Strikes out swinging
Top of the 6th over - 1 run, 1 hit, 0 errors, 0 left on base; Kentucky 3 - Auburn 0
BOTTOM OF THE 6TH
Auburn Tigers batting - Pitching for Kentucky Wildcats : RHP Doug Sales
Batting: RHB Vincente Martínez 0-0: Fly out, F6 (Line Drive, 6M)
Batting: LHB Ed Sorensen 0-0: Called Strike
0-1: Called Strike
0-2: Strikes out looking
Batting: RHB Ed McVinish 0-0: Ball
1-0: Ball
2-0: Called Strike
2-1: Ball
3-1: Fly out, F7 (Flyball, 7D)
Bottom of the 6th over - 0 runs, 0 hits, 0 errors, 0 left on base; Kentucky 3 - Auburn 0
TOP OF THE 7TH
Kentucky Wildcats batting - Pitching for Auburn Tigers : LHP Jaime Sierra
Batting: RHB Johnny Carson 0-0: Ball
1-0: Ball
2-0: Ball
3-0: Base on Balls
Batting: RHB Haywood Young 0-0: Called Strike
0-1: Swinging Strike
0-2: Ball
1-2: Ball
2-2: Ball
3-2: Strikes out swinging
Batting: RHB Gabriel Sánchez 0-0: Called Strike
0-1: Ball
1-1: Ball
2-1: Foul Ball, location: 2F
2-2: Ball
3-2: Grounds into double play, 6-4-3 (Groundball, 6)
Top of the 7th over - 0 runs, 0 hits, 0 errors, 0 left on base; Kentucky 3 - Auburn 0
BOTTOM OF THE 7TH
Auburn Tigers batting - Pitching for Kentucky Wildcats : RHP Doug Sales
Batting: RHB Mike Brown 0-0: Ball
1-0: Called Strike
1-1: SINGLE (Groundball, 56S) (infield hit)
Batting: LHB Armando Vázquez 0-0: Called Strike
0-1: Ball
1-1: Ball
2-1: Foul Ball, location: 2F
2-2: Ball
3-2: 2-RUN HOME RUN (Flyball, 9D), Distance : 371 ft
Batting: SHB Wayne Tressler 0-0: DOUBLE (Flyball, 7D)
Batting: RHB Terry Cochrane 0-0: Called Strike
0-1: Swinging Strike
0-2: Ball
1-2: SINGLE (Flyball, 9S)
Wayne Tressler to third
Batting: SHB Andrew Johnson 0-0: Called Strike
0-1: Ball
1-1: Swinging Strike
1-2: Strikes out swinging
Batting: SHB Anthony Thomas 0-0: Ball
1-0: Ball
2-0: Fielders Choice at 2nd, 4-6 (Groundball, 34)
Wayne Tressler scores
Pitching: RHP Kevin García
Batting: RHB Vincente Martínez 0-0: Swinging Strike
0-1: Called Strike
0-2: Ball
1-2: Foul Ball, location: 2F
1-2: Ball
2-2: Ball
Wild Pitch!
Anthony Thomas to second
3-2: Foul Ball, location: 2F
3-2: Base on Balls
Batting: LHB Ed Sorensen 0-0: Ball
1-0: Ball
2-0: Foul Ball, location: 2F
2-1: Swinging Strike
2-2: Ball
3-2: Base on Balls
Anthony Thomas to third
Vincente Martínez to second
Batting: RHB Ed McVinish 0-0: Fielders Choice at 2nd, 6-4 (Groundball, 6)
Bottom of the 7th over - 3 runs, 4 hits, 0 errors, 3 left on base; Kentucky 3 - Auburn 3
TOP OF THE 8TH
Kentucky Wildcats batting - Pitching for Auburn Tigers : LHP Jaime Sierra
Batting: LHB Caden Cleveland 0-0: Called Strike
0-1: Swinging Strike
0-2: Foul Ball, location: 2F
0-2: Ball
1-2: Foul Ball, location: 2F
1-2: Strikes out swinging
Batting: RHB Sam Robinson 0-0: Ball
1-0: Ball
2-0: SINGLE (Line Drive, 6D)
Batting: RHB Ken Jenkins 0-0: Ball
1-0: Foul Ball, location: 2F
1-1: Fly out, F9 (Flyball, 9)
Batting: RHB Jacob Burke 0-0: Swinging Strike
0-1: Ball
1-1: Ball
2-1: Ball
3-1: Base on Balls
Sam Robinson to second
Batting: RHB Billy Forbes 0-0: Swinging Strike
0-1: SINGLE (Groundball, 6MD)
Sam Robinson to third
Jacob Burke to second
Runner from 3rd tries for Home, SAFE, no throw
Pitching: RHP Carl Woodward
Pinch Hitting: SHB Russ Beasley 0-0: Ball
1-0: Foul Ball, location: 2F
1-1: Ball
2-1: Ball
3-1: Base on Balls
Jacob Burke to third
Billy Forbes to second
Batting: RHB Johnny Carson 0-0: Ball
1-0: Ball
2-0: Ball
3-0: Called Strike
3-1: SINGLE (Line Drive, 56)
Jacob Burke scores
Billy Forbes to third
Russ Beasley to second
Batting: RHB Haywood Young 0-0: Called Strike
0-1: Called Strike
0-2: Strikes out swinging
Top of the 8th over - 2 runs, 3 hits, 0 errors, 3 left on base; Kentucky 5 - Auburn 3
BOTTOM OF THE 8TH
Auburn Tigers batting - Pitching for Kentucky Wildcats : RHP Kevin García
Now in RF: Russ Beasley
Batting: RHB Mike Brown 0-0: Ball
1-0: Ball
2-0: Ball
3-0: Called Strike
3-1: DOUBLE (Flyball, 89D)
Batting: LHB Armando Vázquez 0-0: Swinging Strike
0-1: Swinging Strike
0-2: Ball
1-2: Foul Ball, location: 2F
1-2: Fly out, F7 (Flyball, 7D)
Batting: SHB Wayne Tressler 0-0: Ball
1-0: SINGLE (Flyball, 7LS)
Mike Brown to third
Runner from 3rd tries for Home, throw and OUT!
Wayne Tressler to second
Batting: RHB Terry Cochrane 0-0: Ball
1-0: Ball
2-0: Ball
3-0: Base on Balls
Pitching: LHP Paul Seymour
Batting: SHB Andrew Johnson 0-0: Called Strike
0-1: Ground out 3-1 (Groundball, 34)
Bottom of the 8th over - 0 runs, 2 hits, 0 errors, 2 left on base; Kentucky 5 - Auburn 3
TOP OF THE 9TH
Kentucky Wildcats batting - Pitching for Auburn Tigers : RHP Carl Woodward
Batting: RHB Gabriel Sánchez 0-0: Swinging Strike
0-1: Foul Ball, location: 2F
0-2: Foul Ball, location: 2F
0-2: Strikes out swinging
Batting: LHB Caden Cleveland 0-0: Ball
1-0: Ball
2-0: Foul Ball, location: 2F
2-1: Ball
3-1: Base on Balls
Batting: RHB Sam Robinson 0-0: Foul Ball, location: 2F
0-1: Called Strike
0-2: Ball
1-2: Ball
2-2: Ball
3-2: Grounds into double play, 6-4-3 (Groundball, 6)
Top of the 9th over - 0 runs, 0 hits, 0 errors, 0 left on base; Kentucky 5 - Auburn 3
BOTTOM OF THE 9TH
Auburn Tigers batting - Pitching for Kentucky Wildcats : LHP Paul Seymour
Pitching: RHP Carlos García
Batting: SHB Anthony Thomas 0-0: Foul Ball, location: 2F
0-1: Called Strike
0-2: Strikes out swinging
Batting: RHB Vincente Martínez 0-0: Ground out 6-3 (Groundball, 6)
Batting: LHB Ed Sorensen 0-0: Ball
1-0: Called Strike
1-1: Ball
2-1: Ball
3-1: Called Strike
3-2: SINGLE (Groundball, 4MD)
Batting: RHB Ed McVinish 0-0: Called Strike
0-1: Ball
1-1: Ball
2-1: 2-RUN HOME RUN (Flyball, 8RXD), Distance : 392 ft
Batting: RHB Mike Brown 0-0: Fly out, F9 (Flyball, 9)
Bottom of the 9th over - 2 runs, 2 hits, 0 errors, 0 left on base; Kentucky 5 - Auburn 5
TOP OF THE 10TH
Kentucky Wildcats batting - Pitching for Auburn Tigers : RHP Carl Woodward
Batting: RHB Ken Jenkins 0-0: Ground out 4-3 (Groundball, 4)
Pinch Hitting: RHB Andy Johnston 0-0: Called Strike
0-1: Called Strike
0-2: Strikes out swinging
Batting: RHB Billy Forbes 0-0: Swinging Strike
0-1: Swinging Strike
0-2: Ball
1-2: Ball
2-2: Ground out 5-3 (Groundball, 56S)
Top of the 10th over - 0 runs, 0 hits, 0 errors, 0 left on base; Kentucky 5 - Auburn 5
BOTTOM OF THE 10TH
Auburn Tigers batting - Pitching for Kentucky Wildcats : RHP Carlos García
Now at C: Ken Walsh
Pinch Hitting: LHB Emmett Logan 0-0: Called Strike
0-1: SOLO HOME RUN (Flyball, 9D), Distance : 357 ft
Saturday, December 16th, 2017 - OOTP Baseball 18.8 Build 76